 Dungeon Crawl Stone Soup version 0.18.1-8-gdd0e5ea (webtiles) character file.

816 Gagarin the Covered (level 7, -1/62 HPs)
             Began as a Minotaur Fighter on June 1, 2016.
             Was a Follower of Pakellas.
             Killed by divine providence
             ... invoked by an orc priest
              (11 damage)
             ... on level 4 of the Dungeon.
             The game lasted 00:09:41 (3560 turns).

Gagarin the Covered (Minotaur Fighter)              Turns: 3560, Time: 00:09:43

Health: -1/62      AC: 10    Str: 22    XL:     7   Next: 62%
Magic:  6/6        EV:  8    Int:  6    God:    Pakellas [*.....]
Gold:   258        SH:  9    Dex:  9    Spells: 0 memorised, 6 levels left

rFire  . . .     SeeInvis .     B - +3 war axe (vamp)
rCold  + . .     Gourm    .     b - +0 scale mail
rNeg   . . .     Faith    .     c - +0 shield
rPois  .         Spirit   .     (helmet restricted)
rElec  .         Dismiss  .     p - +0 cloak
rCorr  +         Reflect  .     r - +1 pair of gloves
SustAt .         Harm     .     (no boots)
MR     .....                    s - amulet of inaccuracy (curse)
Stlth  ..........               D - ring of protection from cold
                                j - ring of resist corrosion

@: drained, not resistant to hostile enchantments, extremely unstealthy
A: retaliatory headbutt, horns 2
a: Quick Charge, Renounce Religion


You were on level 4 of the Dungeon.
You worshipped Pakellas.
Pakellas was aware of your devotion.
You were not hungry.

You visited 1 branch of the dungeon, and saw 4 of its levels.

You collected 258 gold pieces.

Inventory:

Hand Weapons
 a - a +0 war axe
 d - a +5 flail of draining
 k - a +1 scythe of slicing
 B - a +3 vampiric war axe (weapon)
Armour
 b - a +0 scale mail (worn)
 c - a +0 shield (worn)
 p - a +0 cloak (worn)
 r - a +1 pair of gloves (worn)
Jewellery
 j - a ring of resist corrosion (left hand)
 s - a cursed amulet of inaccuracy (around neck)
 A - a cursed ring of teleportation {unknown}
 D - a ring of protection from cold (right hand)
Wands
 I - a wand of flame (15/48)
Scrolls
 g - 2 scrolls of magic mapping
 h - a scroll of immolation
 l - a scroll of teleportation
 m - a scroll of identify
 u - a scroll of amnesia
 E - a scroll of enchant armour
 G - a scroll of recharging
Potions
 e - a potion of magic
 i - a potion of flight {unknown}
 q - a potion of berserk rage {unknown}
 t - a potion of ambrosia {unknown}
 w - a potion of invisibility {unknown}
 x - a potion of curing
 z - a potion of haste {unknown}
 C - a potion of agility {unknown}
 F - 2 potions of heal wounds {unknown}
 H - a potion of beneficial mutation {unknown}
Comestibles
 f - 2 bread rations
 o - 2 slices of pizza
 J - 2 chunks of flesh


   Skills:
 + Level 5.8(4.8) Fighting
 + Level 5.2(4.2) Axes
 + Level 6.3(5.3) Armour
 + Level 3.5(2.6) Dodging
 + Level 0.1(0.0) Stealth
 + Level 5.6(4.6) Shields


You had 6 spell levels left.
You didn't know any spells.

Dungeon Overview and Level Annotations

Branches:
Dungeon (4/15)
 Temple: D:4-7

Altars:
Okawaru
Pakellas
Vehumet
Xom
Zin


Innate Abilities, Weirdness & Mutations

You reflexively headbutt those who attack you in melee.
You have a pair of horns on your head.


Message History

You headbutt the orc priest, but do no damage.
Evoke which item? (* to show all) (? for menu, Esc to quit)
Zapping:
I - a wand of flame (16/48)
Press: ? - help, Shift-Dir - straight line, f/p - orc priest
Aim: an orc priest, wielding a mace of protection and wearing a scale mail (black smoke, moderately wounded)
The puff of flame misses the orc priest.
This wand has 15 charges left.
The orc priest calls down the wrath of Beogh upon you.
Beogh smites you!
* * * LOW HITPOINT WARNING * * *
You closely miss the orc priest.
The orc priest is moderately wounded.
The orc priest looks braver for a moment.
You hit the orc priest but do no damage.
You headbutt the orc priest.
The orc priest is heavily wounded.
The orc priest mumbles some strange prayers to Beogh against you.
Beogh smites you!
You die...
Pakellas says: That's one more possible approach eliminated.

.............................#.#
.##..#.###..............###....##
..........#####...#####.# #.##...
###..#.##.# #.........# #.###..
###..#.##.# #...####### #......
.....)..#.## #.(.# #####..
###.###.#..####...# #.#
#.#............##### #..
#.o.##########@....# ###
###)#........#o###.#
#.)........#§###.######
#.#[)......#§§§.......#
#.#..†.....#§§##.####.#
#.#........#§§§..# #.#
#.#........#§##### #.#
#.#........§.# #.# #.#........#.#
##.##


You could see an orc priest.

Vanquished Creatures
  Grinder (D:3)
  Sigmund (D:4)
  Edmund (D:4)
  An ogre (D:4)
  Crazy Yiuf (D:3)
  3 orc wizards (D:4)
  A worker ant (D:4)
  4 adders
  An ooze (D:3)
  2 worms
  A dart slug (D:1)
  2 giant geckos
  7 orcs
  7 bats
  A giant cockroach (D:2)
  6 hobgoblins
  7 jackals (D:2)
  A quokka (D:3)
  A ball python (D:3)
  3 giant newts
  6 goblins
  A jackal skeleton (D:4)
  8 kobolds
  6 rats
  A fungus (D:1)
74 creatures vanquished.

Notes
Turn   | Place    | Note
--------------------------------------------------------------
     0 | D:1      | Gagarin the Minotaur Fighter began the quest for the Orb.
     0 | D:1      | Reached XP level 1. HP: 19/19 MP: 0/0
   161 | D:1      | Reached XP level 2. HP: 23/27 MP: 1/1
   646 | D:1      | Reached skill level 4 in Armour
  1390 | D:2      | Reached XP level 3. HP: 28/34 MP: 2/2
  1550 | D:2      | Reached skill level 1 in Dodging
  1599 | D:2      | Reached XP level 4. HP: 37/41 MP: 3/3
  1636 | D:3      | Noticed Grinder
  1640 | D:3      | Paralysed by Grinder for 3 turns
  1647 | D:3      | Killed Grinder
  1647 | D:3      | Reached skill level 5 in Fighting
  1647 | D:3      | Reached XP level 5. HP: 13/48 MP: 4/4
  1647 | D:3      | Reached XP level 6. HP: 15/56 MP: 5/5
  2150 | D:3      | Found an iron altar of Okawaru.
  2152 | D:3      | Found a radiant altar of Vehumet.
  2153 | D:3      | Found an oddly glowing altar of Pakellas.
  2175 | D:3      | Became a worshipper of Pakellas the Inventive
  2433 | D:3      | Noticed Crazy Yiuf
  2440 | D:3      | Killed Crazy Yiuf
  2771 | D:4      | Reached skill level 5 in Armour
  2774 | D:4      | Reached skill level 5 in Shields
  2995 | D:4      | Noticed Sigmund
  3010 | D:4      | Noticed Edmund
  3014 | D:4      | Killed Sigmund
  3014 | D:4      | Reached XP level 7. HP: 58/61 MP: 6/6
  3028 | D:4      | Killed Edmund
  3028 | D:4      | Reached skill level 5 in Axes
  3144 | D:4      | Reached skill level 6 in Armour
  3334 | D:4      | Noticed an angel
  3334 | D:4      | Found a shimmering altar of Xom.
  3334 | D:4      | Found a glowing silver altar of Zin.
  3439 | D:4      | Reached * piety under Pakellas
  3439 | D:4      | Received a gift from Pakellas
  3500 | D:4      | HP: 1/62 [orc priest/mace of protection (3)]
  3560 | D:4      | Killed from afar by an orc priest

Skill      XL: |  1  2  3  4  5  6  7 |
---------------+----------------------+-----
Fighting       | 4 5 |  5.8
Armour         | 4 5 6 |  6.3
Shields        | 4 5 |  5.6
Dodging        | 1 2 3 |  3.5
Axes           | 4 5 |  5.2
Stealth        | |  0.1

Action                   |  1- 3 |  4- 6 |  7- 9 || total
-------------------------+-------+-------+-------++-------
Melee: War axe           |    91 |    56 |    54 ||   201
       Headbutt          |    11 |     9 |     7 ||    27
Evoke: Wand              |       |       |     5 ||     5
  Use: Potion            |       |     2 |     2 ||     4
       Scroll            |       |     8 |     4 ||    12
  Eat: Chunk             |     2 |     4 |     2 ||     8
       Meat ration       |       |       |     1 ||     1
Armor: Scale mail        |    58 |    14 |    27 ||    99
Dodge: Dodged            |    33 |    14 |    22 ||    69
Block: Shield            |    54 |    22 |    33 ||   109
